 Dungeon Crawl Stone Soup version 0.30-a0-728-gc68057be0a (webtiles) character file.

Game seed: 10157320274991850036

74 Laraso the Poker (level 4, -9/33 HPs)
             Began as a Formicid Warper on Jan 30, 2023.
             Was a Follower of Uskayaw.
             Mangled by an ice beast (12 damage)
             ... on level 3 of the Dungeon.
             The game lasted 00:03:09 (1909 turns).

Laraso the Poker (Formicid Warper)                  Turns: 1909, Time: 00:03:10

Health: -9/33      AC:  0    Str: 23    XL:     4   Next: 52%
Magic:  3/7        EV: 12    Int: 13    God:    Uskayaw [*.....]
Gold:   129        SH:  0    Dex: 22    Spells: 6/7 levels left

rFire   . . .      SeeInvis +    a - +0 spear (flame)
rCold   . . .      Faith    .    (no shield)
rNeg    . . .      Spirit   .    b - +0 leather armour
rPois   .          Reflect  .    (helmet unavailable)
rElec   .          Harm     .    (no cloak)
rCorr   .          Rampage  .    (no gloves)
Will    +++..                    l - +0 pair of boots "Hausk" {*Corrode Will++ Dex+9}
Stlth   ++                       (no amulet)
HPRegen 0.25/turn                e - ring of willpower
MPRegen 0.10/turn                c - +6 ring of strength

@: corroded
A: permanent stasis, dig shafts and tunnels, antennae 3, four strong arms
a: Dig, Shaft Self, Renounce Religion, Stomp


You were on level 3 of the Dungeon.
You worshipped Uskayaw.
Uskayaw was noncommittal.
You visited 1 branch of the dungeon, and saw 3 of its levels.

You collected 129 gold pieces.

Inventory:

Hand Weapons
 a - a +0 spear of flaming (weapon)
Missiles
 d - 7 boomerangs of dispersal (quivered)
Armour
 b - a +0 leather armour (worn)
 l - the +0 pair of boots "Hausk" (worn) {*Corrode Will++ Dex+9}
   (You found it on level 2 of the Dungeon)

   Dex:       It affects your dexterity (+9).
   *Corrode:  It may corrode you when you take damage.
   Will:      It greatly increases your willpower.
Jewellery
 c - a +6 ring of strength (right hand)
 e - a ring of willpower (left hand)
 n - a ring of protection from fire
Scrolls
 f - a scroll of brand weapon
Potions
 g - a potion of resistance
 i - a potion of flight
 j - a potion of haste {unknown}
 k - a potion of lignification {unknown}


   Skills:
 - Level 2.1 Fighting
 - Level 4.0 Polearms
 - Level 1.0 Throwing
 - Level 1.1 Armour
 - Level 1.7 Dodging
 - Level 2.1 Spellcasting
 * Level 2.0 Hexes
 - Level 2.6 Translocations


You had 6 spell levels left.
You knew the following spells:

 Your Spells              Type           Power      Damage    Failure   Level
a - Slow                  Hex            24%        N/A       12%         1

Your spell library contained the following spells:

 Spells                   Type           Power      Damage    Failure   Level
 Lesser Beckoning         Tloc           16%        N/A       14%         2
 Teleport Other           Tloc           8%         N/A       28%         3
 Confusing Touch          Hex            6%         N/A       36%         3
 Vhi's Electric Charge    Tloc/Air       8%         N/A       45%         3
 Vampiric Draining        Necr           1%         2d6       65%         3
 Manifold Assault         Tloc           8%         N/A       67%         4
 Blink                    Tloc           Unusable   N/A       N/A         2

Dungeon Overview and Level Annotations

Branches:
Dungeon (3/15)

Altars:
Uskayaw

Shops:
D:1 :


Innate Abilities, Weirdness & Mutations

You cannot be hasted, slowed, berserked, paralysed or teleported.
You can dig through walls and to a lower floor.
You have a pair of large antennae on your head. (SInv)
Your four strong arms can wield two-handed weapons with a shield.


Message History

Aiming: Slow (safe; 12% risk of failure)
Press: ? - help, Shift-Dir - straight line, f/p - ice beast
Aim: an ice beast (moderately wounded, chance to affect: 39%)
The ice beast seems to slow down.
You hit the ice beast but do no damage.
The ice beast is moderately wounded.
The ice beast barely misses you.
You hit the ice beast.
You melt the ice beast.
The ice beast is heavily wounded.
The ice beast misses you.
You hit the ice beast.
You melt the ice beast.
The ice beast is severely wounded.
You can now pass through a line of other dancers.
You barely miss the ice beast.
The ice beast is severely wounded.
The ice beast misses you.
You barely miss the ice beast.
The ice beast is severely wounded.
You completely miss the ice beast.
The ice beast is severely wounded.
The ice beast is no longer moving slowly.
The ice beast hits you. The ice beast freezes you!
Your corrosive artefact corrodes you!
You hit the ice beast but do no damage.
The ice beast is severely wounded.
The ice beast hits you. The ice beast freezes you!
* * * LOW HITPOINT WARNING * * *
You can no longer pass through a line of other dancers.
You are too injured to fight recklessly!
You are too injured to fight recklessly!
Okay, then.
Casting: Slow (safe; 12% risk of failure)
Confirm with . or Enter, or press ? or * to list all spells.
Aiming: Slow (safe; 12% risk of failure)
Press: ? - help, Shift-Dir - straight line, f/p - ice beast
Aim: an ice beast (severely wounded, chance to affect: 39%)
The ice beast resists with some effort.
The ice beast hits you.
* * * LOW HITPOINT WARNING * * *
The ice beast freezes you!
You die...

#. #. #. ##.# .###...
.......## #....# #.#Y#
#.#@# # #.#.#
###.##.#.# ##
.........# #..
##.#..)###### ##...
......#......# .....
....#...####.#.......#
.## ###.####.#.....[.#
#.#............#


You could see an ice beast.

Vanquished Creatures
  Terence (D:3)
  A worm (D:2)
  6 ball pythons
  4 bats
  4 endoplasms
  A giant cockroach (D:2)
  A hobgoblin (D:1)
  4 jackals (D:2)
  5 kobolds
  4 quokkas
  3 frilled lizards
  3 goblins
  4 rats
41 creatures vanquished.

Notes
Turn   | Place    | Note
-------+----------+-------------------------------------------
     0 | D:1      | Laraso the Formicid Warper began the quest for the Orb.
     0 | D:1      | Reached XP level 1. HP: 16/16 MP: 3/3
   140 | D:1      | Found a faded altar of an unknown god.
   160 | D:1      | Found Vecir's Book Emporium.
   220 | D:1      | Reached XP level 2. HP: 22/22 MP: 5/5
   361 | D:1      | Reached skill level 3 in Polearms
   830 | D:2      | Learned a level 1 spell: Slow
   868 | D:2      | Reached XP level 3. HP: 24/27 MP: 6/6
   987 | D:2      | Found a hide-covered altar of Uskayaw.
  1010 | D:2      | Became a worshipper of Uskayaw the Reveller
  1037 | D:2      | Reached * piety under Uskayaw
  1118 | D:2      | Reached ** piety under Uskayaw
  1170 | D:2      | Identified the +0 pair of boots "Hausk" {*Corrode Will++
                  | Dex+9}
  1717 | D:2      | Reached skill level 4 in Polearms
  1717 | D:2      | Reached XP level 4. HP: 33/33 MP: 7/7
  1876 | D:3      | Noticed Terence
  1881 | D:3      | Killed Terence
  1888 | D:3      | Noticed an ice beast
  1909 | D:3      | Mangled by an ice beast

Illustrated notes

Levels and vault maps discovered:
D:1:      dpeg_arrival_rooms_a, layout_basic, serial_shops,
          nicolae_shop_waterfront, dilly_ecumenical_altar_fadedgnrine
D:2:      layout_loops_corners, basic_altar
D:3:      layout_loops_cross, chequers_serial_rivers_micro_b, uniq_terence,
          uniq_sigmund, uniq_crazy_yiuf_cottage, uniq_natasha, uniq_robin

Skill      XL: |  1  2  3  4 |
---------------+-------------+-----
Polearms       | 3 4 |  4.0
Hexes          | 2 |  2.0
Fighting       | |  2.1
Throwing       | |  1.0
Armour         | |  1.1
Dodging        | |  1.7
Spellcasting   | |  2.1
Translocations | |  2.6

Action                     |  1- 3 |  4- 6 || total
---------------------------+-------+-------++-------
  Melee: Spear             |   121 |    17 ||   138
         Punch             |     2 |       ||     2
   Cast: Slow              |       |     5 ||     5
    Use: Scroll            |     4 |     2 ||     6
   Stab: Sleeping          |     1 |     1 ||     2
 Armour: Leather armour    |    15 |     2 ||    17
  Dodge: Dodged            |    49 |     7 ||    56

Table legend: (Time is in decaauts)
 A = Elapsed time spent in this place.
 B = Non-inter-level travel time spent in this place.
 C = Inter-level travel time spent in this place.
 D = Time resting spent in this place.
 E = Time spent auto-exploring this place.
 F = Levels seen in this place.
 G = Mean time per level.
                   A        B        C        D        E       F      G
               +--------+--------+--------+--------+--------+-----+--------+
         Total |   1898 |   1837 |     61 |     27 |   1485 |   3 |  632.7 |
       Dungeon |   1898 |   1837 |     61 |     27 |   1485 |   3 |  632.7 |
               +--------+--------+--------+--------+--------+-----+--------+

Top non-repeatable levels by time:
     D:2: 1060 daAuts
     D:1: 781 daAuts
     D:3: 57 daAuts
